 Dungeon Crawl Stone Soup version 0.26-a0-30-g56b8cd3df0 (webtiles) character file.

Game seed: 15343902204118000894, levelgen mode: deterministic

339 MisterFreud the Shield-Bearer (level 6, -2/79 HPs)
             Began as a Gnoll Fighter on May 30, 2020.
             Slain by an orc (4 damage)
             ... on level 4 of the Dungeon.
             The game lasted 00:03:47 (3383 turns).

MisterFreud the Shield-Bearer (Gnoll Fighter)       Turns: 3383, Time: 00:03:47

Health: -2/79      AC:  7    Str: 19    XL:     6   Next: 55%
Magic:  9/9        EV:  9    Int: 12    God:
Gold:   159        SH: 10    Dex: 14    Spells: 9/9 levels left

rFire    . . .     SeeInvis .   a - +0 rapier
rCold    . . .     Gourm    .   c - +0 kite shield
rNeg     . . .     Faith    .   b - +0 scale mail
rPois    .         Spirit   .   (no helmet)
rElec    .         Reflect  .   (no cloak)
rCorr    .         Harm     .   (no gloves)
MR       .....                  (no boots)
Stlth    ..........             (no amulet)
HPRegen  0.23/turn              (no ring)
MPRegen  0.11/turn              (no ring)

@: brilliant, berserking, flying, very quick
A: distributed training, fangs 1, strong nose
a: no special abilities


You were on level 4 of the Dungeon.
You were not hungry.

You visited 1 branch of the dungeon, and saw 5 of its levels.

You collected 159 gold pieces.

Inventory:

Hand Weapons
 a - a +0 rapier (weapon)
Missiles
 e - 107 stones (quivered)
 g - 29 bolts
 l - 15 sling bullets
 o - 24 poisoned darts
 v - 7 boomerangs
Armour
 b - a +0 scale mail (worn)
 c - a +0 kite shield (worn)
Scrolls
 h - a scroll of random uselessness {unknown}
 i - 2 scrolls of teleportation {unknown}
 j - 6 scrolls of identify {unknown}
 k - 2 scrolls of remove curse {unknown}
 m - a scroll of enchant weapon {unknown}
 p - a scroll of fog {unknown}
Potions
 d - a potion of might
 r - 2 potions of brilliance
 s - a potion of flight
 u - a potion of stabbing {unknown}
Comestibles
 f - 7 rations
 t - 6 chunks of flesh


   Skills:
 + Level 6.8 Fighting
 + Level 5.0 Short Blades
 + Level 2.0 Long Blades
 + Level 2.0 Axes
 + Level 2.0 Maces & Flails
 + Level 2.0 Polearms
 + Level 2.0 Staves
 + Level 2.0 Slings
 + Level 2.0 Bows
 + Level 2.0 Crossbows
 + Level 2.0 Throwing
 + Level 6.8 Armour
 + Level 2.0 Dodging
 + Level 2.0 Stealth
 + Level 6.8 Shields
 + Level 2.0 Unarmed Combat
 + Level 2.0 Spellcasting
 + Level 1.5 Conjurations
 + Level 1.5 Hexes
 + Level 1.5 Charms
 + Level 1.5 Summonings
 + Level 1.5 Necromancy
 + Level 1.5 Translocations
 + Level 1.5 Transmutations
 + Level 1.5 Fire Magic
 + Level 1.5 Ice Magic
 + Level 1.5 Air Magic
 + Level 1.5 Earth Magic
 + Level 1.5 Poison Magic
 + Level 2.2 Invocations
 + Level 2.0 Evocations


You had 9 spell levels left.
You didn't know any spells.
Your spell library was empty.

Dungeon Overview and Level Annotations

Branches:
Dungeon (5/15)
 Temple: D:4-7

Altars:
Gozag
Nemelex Xobeh
Trog
Uskayaw
Vehumet
Zin


Innate Abilities, Weirdness & Mutations

Your experience applies equally to all skills.
You have very sharp teeth.
Your uncanny sense of smell can sniff out nearby items.


Message History

You block the orc wizard's attack. The orc closely misses you.
The orc wizard hits you but does no damage.
It was a potion of flight.
You feel very buoyant.
You fly up into the air.
You block the orc wizard's attack. The orc hits you but does no damage.
It was a potion of magic.
Magic courses through your body. You block the orc wizard's attack.
The orc hits you.
* * * LOW HITPOINT WARNING * * *
The orc wizard hits you but does no damage.
It was a potion of berserk rage.
A red film seems to cover your vision as you go berserk!
You feel yourself moving faster!
You feel mighty!
The orc wizard hits you but does no damage.
You block the orc's attack.
You puncture the orc wizard!
The orc wizard is heavily wounded.
The orc wizard hits you but does no damage.
The orc hits you.
You die...

#######
##.....##
##.......##
#.........#
#.........#
#...o@>...#
#...[o....#
#.........#
...........##
###.........#
...........#
###.........#
#.........#


You could see an orc wizard (fast) and an orc.

Vanquished Creatures
  A howler monkey (D:5)
  2 hounds
  2 orc priests
  A hound zombie (D:5)
  4 adders
  An ooze (D:1)
  6 worms
  2 dart slugs
  2 leopard geckos (D:1)
  8 orcs (D:3)
  4 giant cockroaches
  8 goblins
  11 hobgoblins
  8 jackals
  3 quokkas
  2 ball pythons
  9 bats
  7 frilled lizards
  10 kobolds
  8 rats
99 creatures vanquished.

Notes
Turn   | Place    | Note
-------+----------+-------------------------------------------
     0 | D:1      | MisterFreud the Gnoll Fighter began the quest for the Orb.
     0 | D:1      | Reached XP level 1. HP: 23/23 MP: 1/1
   164 | D:1      | Reached XP level 2. HP: 28/29 MP: 2/2
   469 | D:1      | Reached XP level 3. HP: 35/35 MP: 3/3
   697 | D:1      | Reached skill level 1 in Invocations
  1057 | D:2      | Reached skill level 1 in Long Blades
  1057 | D:2      | Reached skill level 1 in Axes
  1057 | D:2      | Reached skill level 1 in Maces & Flails
  1057 | D:2      | Reached skill level 1 in Polearms
  1057 | D:2      | Reached skill level 1 in Staves
  1057 | D:2      | Reached skill level 1 in Slings
  1057 | D:2      | Reached skill level 1 in Bows
  1057 | D:2      | Reached skill level 1 in Crossbows
  1057 | D:2      | Reached skill level 1 in Throwing
  1057 | D:2      | Reached skill level 1 in Dodging
  1057 | D:2      | Reached skill level 1 in Stealth
  1057 | D:2      | Reached skill level 1 in Unarmed Combat
  1057 | D:2      | Reached skill level 1 in Spellcasting
  1057 | D:2      | Reached skill level 1 in Evocations
  1076 | D:2      | Reached XP level 4. HP: 36/41 MP: 5/5
  1842 | D:2      | Reached skill level 1 in Conjurations
  1842 | D:2      | Reached skill level 1 in Hexes
  1842 | D:2      | Reached skill level 1 in Charms
  1842 | D:2      | Reached skill level 1 in Summonings
  1842 | D:2      | Reached skill level 1 in Necromancy
  1842 | D:2      | Reached skill level 1 in Translocations
  1842 | D:2      | Reached skill level 1 in Transmutations
  1842 | D:2      | Reached skill level 1 in Fire Magic
  1842 | D:2      | Reached skill level 1 in Ice Magic
  1842 | D:2      | Reached skill level 1 in Air Magic
  1842 | D:2      | Reached skill level 1 in Earth Magic
  1842 | D:2      | Reached skill level 1 in Poison Magic
  2216 | D:3      | Found a sparkling altar of Nemelex Xobeh.
  2220 | D:3      | Found a glowing silver altar of Zin.
  2220 | D:3      | Found a bloodstained altar of Trog.
  2221 | D:3      | Found a hide-covered altar of Uskayaw.
  2221 | D:3      | Found an opulent altar of Gozag.
  2241 | D:3      | Reached XP level 5. HP: 47/47 MP: 6/6
  2951 | D:3      | Found a radiant altar of Vehumet.
  3129 | D:4      | You fall into a shaft and drop 1 floor!
  3129 | D:5      | Entered Level 5 of the Dungeon
  3192 | D:5      | Reached XP level 6. HP: 49/53 MP: 8/8
  3292 | D:5      | Reached skill level 5 in Short Blades
  3381 | D:4      | HP: 1/53 [orc (2)]
  3383 | D:4      | Slain by an orc

Illustrated notes

Levels and vault maps discovered:
D:1:      erik_arrival_orb_chamber, layout_loops_ring, serial_bayou_pond_b
D:2:      mumra_celtic_spiral_tile, layout_rooms,
          chequers_ecumenical_altar_simple, first_ration, nrook_campfire
D:3:      layout_basic, lemuel_coloured_pillars_altar,
          grunt_temple_overflow_open, chequers_serial_rivers_micro_e,
          minmay_misc_feat_hallway, chequers_serial_rivers_room_a,
          minmay_diced_spiral
D:4:      layout_rooms
D:5:      layout_cave_pools, lemuel_doored_altar, minmay_temple_entry_grid,
          fedhas_ov_isle_minmay

Skill      XL: |  1  2  3  4  5  6 |
---------------+-------------------+-----
Invocations    | 1 2 |  2.2
Long Blades    | 1 2 |  2.0
Axes           | 1 2 |  2.0
Maces & Flails | 1 2 |  2.0
Polearms       | 1 2 |  2.0
Staves         | 1 2 |  2.0
Slings         | 1 2 |  2.0
Bows           | 1 2 |  2.0
Crossbows      | 1 2 |  2.0
Throwing       | 1 2 |  2.0
Dodging        | 1 2 |  2.0
Stealth        | 1 2 |  2.0
Unarmed Combat | 1 2 |  2.0
Spellcasting   | 1 2 |  2.0
Evocations     | 1 2 |  2.0
Conjurations   | 1 |  1.5
Hexes          | 1 |  1.5
Charms         | 1 |  1.5
Summonings     | 1 |  1.5
Necromancy     | 1 |  1.5
Translocations | 1 |  1.5
Transmutations | 1 |  1.5
Fire Magic     | 1 |  1.5
Ice Magic      | 1 |  1.5
Air Magic      | 1 |  1.5
Earth Magic    | 1 |  1.5
Poison Magic   | 1 |  1.5
Short Blades   | 5 |  5.0
Fighting       | |  6.8
Armour         | |  6.8
Shields        | |  6.8

Action                   |  1- 3 |  4- 6 || total
-------------------------+-------+-------++-------
Melee: Rapier            |   139 |   206 ||   345
       Bite              |    17 |    17 ||    34
  Use: Potion            |       |     4 ||     4
  Eat: Chunk             |     1 |     7 ||     8
Armor: Scale mail        |    32 |    66 ||    98
Dodge: Dodged            |    39 |    64 ||   103
Block: Kite shield       |    66 |   114 ||   180

Table legend:
 A = Non-vault XP
 B = Vault XP
 C = Vault XP percentage of total XP
 D = Non-vault monster count
 E = Vault monster count
 F = Vault count percentage of total count
                 A         B        C        D         E       F
            +---------+---------+-------+---------+---------+-------
      Total |     458 |      27 |   5.6 |      91 |       8 |   8.1
            +---------+---------+-------+---------+---------+-------
        D:1 |      58 |      12 |  17.1 |      32 |       6 |  15.8
        D:2 |      81 |       0 |   0.0 |      31 |       0 |   0.0
        D:3 |     148 |      15 |   9.2 |      17 |       2 |  10.5
        D:4 |      41 |       0 |   0.0 |       1 |       0 |   0.0
        D:5 |     130 |       0 |   0.0 |      10 |       0 |   0.0
            +---------+---------+-------+---------+---------+-------
